Map: Simulacrum LE

Players

Kelazhur

  • Race: Terran Terran
  • Spawn Location: 5:00

soO - Winner!

  • Race: Zerg Zerg
  • Spawn Location: 11:00

Event: StayAtHomestory Cup #1

VOD

Have the link to the VOD?

Description

Time

  • Played on: April 10, 2020, 5:22 a.m.
  • Length: 8:15

All games in this series

Show
View Real Time Build Order
Export as new Build Order

Kelazhur Terran 

Build Orders:  

Get SALT Encoding   

  12  0:01  SCV  
  13  0:13  SCV  
  14  0:17  Supply Depot  
  14  0:25  SCV  
  15  0:42  Barracks  
  15  0:51  Barracks  
  15  0:54  SCV  
  16  1:01  Refinery  
  16  1:06  SCV  
  17  1:19  SCV  
  18  1:28  Marine  
  18  1:31  Orbital Command  
  19  1:38  Marine  
  19  1:39  Bunker  
  20  1:46  Marine, Bunker  
  21  1:57  SCV  
  21  1:58  Marine  
  23  2:04  Supply Depot  
  23  2:17  Factory  
  23  2:25  Marine x2, SCV  
  26  2:32  Bunker  
  26  2:38  SCV  
  26  2:43  Marine x2  
  29  2:50  SCV  
  29  3:02  Marine x2  
  29  3:03  SCV  
  29  3:04  Factory Reactor  
  26  3:15  Starport  
  26  3:24  SCV  
  26  3:25  Supply Depot  
  26  3:41  Hellion x2  
  26  3:43  SCV  
  27  3:49  Command Center  
  27  3:57  Viking  
  27  4:01  SCV  
  30  4:10  Hellion x2  
  30  4:13  SCV  
  35  4:28  Supply Depot  
  36  4:34  Hellion x2  
  36  4:37  Refinery  
  39  4:39  Fusion Core  
  39  4:45  Starport Tech Lab  
  39  4:49  SCV  
  40  4:57  Supply Depot  
  40  4:58  Hellion x2  
  44  5:03  SCV  
  44  5:06  Orbital Command  
  45  5:17  SCV  
  46  5:24  Orbital Command  
  46  5:36  SCV  
  47  5:43  Command Center  
  47  5:53  Battlecruiser  
  47  5:54  SCV  
  47  5:56  SCV  
  55  6:06  SCV  
  55  6:08  SCV  
  57  6:14  Hellion x2  
  57  6:16  Supply Depot  
  57  6:17  Armory  
  61  6:18  SCV  
  61  6:20  SCV  
  63  6:31  SCV  
  64  6:32  Supply Depot  
  64  6:33  SCV  
  65  6:40  Hellion x2  
  65  6:43  SCV  
  65  6:45  SCV  
  71  6:47  Supply Depot  
  71  6:51  Refinery  
  71  6:53  Refinery  
  71  6:55  SCV  
  71  6:56  Orbital Command  
  72  7:03  Hellion x7  
  72  7:04  Hellion  
  72  7:05  SCV  
  77  7:08  SCV  
  76  7:17  SCV  
  76  7:21  Factory  
  71  7:23  Factory  
  71  7:25  Engineering Bay  
  71  7:26  SCV, Supply Depot  
  71  7:28  SCV  
  71  7:42  SCV  
  74  7:58  SCV  
  73  8:09  Factory Tech Lab  
  73  8:10  Factory Tech Lab  
Show
View Real Time Build Order
Export as new Build Order

soO Zerg - Winner!

Build Orders: Hatch First 

Get SALT Encoding   

  12  0:01  Drone  
  13  0:12  Overlord  
  13  0:17  Drone  
  14  0:31  Drone x2  
  16  0:48  Hatchery  
  15  0:52  Drone  
  15  0:55  Drone  
  17  0:59  Drone  
  18  1:10  Extractor  
  17  1:14  Spawning Pool  
  17  1:17  Drone  
  17  1:20  Drone  
  18  1:29  Drone  
  19  1:40  Overlord  
  19  2:01  Zergling x2, Queen  
  19  2:02  Zergling x2, Queen  
  25  2:11  Zergling x2  
  25  2:14  Metabolic Boost  
  26  2:24  Zergling x6  
  26  2:25  Zergling x2  
  30  2:33  Zergling x2  
  31  2:37  Queen  
  33  2:49  Zergling x2  
  33  2:50  Zergling x4  
  36  2:56  Zergling x2  
  33  3:04  Drone  
  34  3:07  Drone  
  34  3:13  Overlord  
  34  3:14  Drone  
  34  3:17  Drone  
  35  3:20  Drone  
  35  3:26  Overlord  
  35  3:32  Drone x3  
  38  3:35  Drone  
  38  3:38  Drone  
  39  3:45  Drone  
  39  3:46  Drone x2  
  42  3:49  Drone  
  42  3:53  Drone x2  
  45  4:06  Hatchery  
  45  4:08  Drone  
  45  4:09  Drone  
  46  4:16  Queen  
  48  4:20  Queen  
  48  4:23  Overlord  
  50  4:25  Drone  
  51  4:31  Overlord  
  51  4:40  Overlord  
  51  4:42  Drone x3  
  51  4:43  Drone x2  
  56  4:48  Drone  
  56  4:50  Drone  
  58  4:54  Queen  
  58  4:55  Baneling Nest  
  59  5:00  Drone  
  59  5:01  Extractor, Drone  
  59  5:05  Drone x2  
  62  5:08  Drone  
  62  5:10  Extractor  
  62  5:11  Drone  
  62  5:13  Lair  
  63  5:19  Drone, Queen  
  66  5:23  Zergling x4  
  66  5:25  Drone x2  
  66  5:27  Drone x2  
  66  5:28  Drone  
  73  5:33  Overlord  
  73  5:37  Roach Warren  
  73  5:43  Overlord  
  73  5:44  Overlord  
  73  5:47  Overlord  
  73  5:51  Queen  
  73  5:52  Overlord  
  73  5:53  Drone  
  73  5:54  Drone x2  
  73  5:55  Drone x2  
  80  6:07  Spore Crawler, Drone  
  80  6:09  Spore Crawler x2, Drone x3  
  80  6:10  Drone  
  82  6:13  Spire  
  82  6:14  Drone  
  82  6:16  Extractor  
  82  6:17  Extractor  
  80  6:20  Roach x2  
  80  6:24  Roach  
  80  6:25  Glial Reconstitution, Roach  
  88  6:27  Drone  
  88  6:29  Drone x2  
  91  6:45  Drone x3  
  94  6:51  Drone x4  
  94  6:52  Extractor  
  97  6:54  Drone  
  97  6:58  Roach x3  
  97  7:00  Overlord  
  104  7:03  Overlord  
  104  7:06  Evolution Chamber  
  104  7:08  Overlord  
  103  7:09  Drone  
  103  7:12  Overlord  
  104  7:17  Overlord  
  104  7:18  Hatchery  
  103  7:23  Drone  
  104  7:30  Corruptor  
  104  7:31  Corruptor x6  
  114  7:41  Corruptor  
  114  7:42  Corruptor  
  118  8:03  Drone x2  
Tags
 
Add a new tag
Caveats
  • Supply blocks, unpowered buildings, or Contaminate may cause inaccurate times.
  • Supply counts are checked every 10 seconds.